 Dungeon Crawl Stone Soup version 0.30-a0-728-gc68057be0a (webtiles) character file.

Game seed: 3712072555879758104

27 kiwi3s the Chopper (level 2, -2/26 HPs)
             Began as a Minotaur Berserker on Jan 31, 2023.
             Was a Follower of Trog.
             Slain by a gnoll
             ... wielding a +1 spear of flaming
              (5 damage)
             ... on level 2 of the Dungeon.
             The game lasted 00:00:38 (1011 turns).

kiwi3s the Chopper (Minotaur Berserker)             Turns: 1011, Time: 00:00:38

Health: -2/26      AC:  6    Str: 21    XL:     2   Next: 93%
Magic:  1/1        EV: 10    Int:  4    God:    Trog [*.....]
Gold:   38         SH:  0    Dex:  9    Spells: 1/1 levels left

rFire   . . .      SeeInvis .    a - +0 hand axe
rCold   . . .      Faith    .    (no shield)
rNeg    . . .      Spirit   .    h - +0 scale mail
rPois   .          Reflect  .    (helmet restricted)
rElec   .          Harm     .    (no cloak)
rCorr   .          Rampage  .    (no gloves)
Will    .....                    (no boots) Stlth
                                 (no amulet)
HPRegen 0.24/turn                (no ring)
MPRegen 0.07/turn                (no ring)

@: no status effects
A: horns 2, retaliatory headbutt
a: Renounce Religion, Berserk


You were on level 2 of the Dungeon.
You worshipped Trog.
Trog was aware of your devotion.
You visited 1 branch of the dungeon, and saw 2 of its levels.

You collected 38 gold pieces.

Inventory:

Hand Weapons
 a - a +0 hand axe (weapon)
Armour
 b - a +0 animal skin
 h - a +0 scale mail (worn)
Jewellery
 f - a ring of resist corrosion
Scrolls
 c - a scroll of teleportation {unknown}
 g - a scroll of fog {unknown}
Potions
 d - 2 potions of curing {unknown}
 e - a potion of degeneration {unknown}
 i - a potion of cancellation {unknown}


   Skills:
 - Level 3.6 Fighting
 + Level 5.1 Axes
 - Level 2.4 Armour
 - Level 2.1 Dodging


You had one spell level left.
You didn't know any spells.
Your spell library was empty.

Dungeon Overview and Level Annotations

Branches:
Dungeon (2/15)

Altars:


Innate Abilities, Weirdness & Mutations

You have a pair of horns on your head.
You reflexively headbutt those who attack you in melee.


Message History

The bat is moderately wounded.
The bat hits you but does no damage. The gnoll closely misses you.
The gnoll barely misses you. The gnoll completely misses you.
A frilled lizard comes into view.
The bat hits you.
The gnoll hits you with a +1 spear of flaming.
The gnoll burns you. The gnoll barely misses you. x2
You barely miss the gnoll. Your headbutt misses the gnoll.
The bat barely misses you. The gnoll barely misses you. x3
You furiously retaliate!
You headbutt the gnoll.
Unknown command.
You barely miss the gnoll.
The gnoll is moderately wounded.
You barely miss the bat. The bat hits you. The gnoll barely misses you.
The gnoll hits you from afar with a +0 spear.
The gnoll misses you.
You are too injured to fight recklessly!
Unknown command.
You fail to use your ability.
The bat hits you but does no damage. The bat closely misses you.
The gnoll hits you with a +1 spear of flaming.
The gnoll burns you. The gnoll closely misses you. The gnoll barely misses you.
You barely miss the gnoll.
The gnoll is moderately wounded.
You hit the bat. The bat barely misses you. The gnoll barely misses you.
The gnoll hits you from afar with a +0 spear.
The gnoll hits you with a +1 spear of flaming.
* * * LOW HITPOINT WARNING * * *
The gnoll burns you.
* * * LOW HITPOINT WARNING * * *
You are too injured to fight recklessly!
Unknown command.
You barely miss the gnoll.
The gnoll is moderately wounded.
You closely miss the frilled lizard. The bat closely misses you.
The gnoll completely misses you.
The gnoll hits you from afar with a +0 spear.
* * * LOW HITPOINT WARNING * * *
The gnoll hits you with a +1 spear of flaming.
You die...

..#.....###
.........
##........
#........# ..
#..#.....#...
###........#...
#...$...gg.....
#.....)@lg.#
##..........#
#.........b.#
#...........#
#.....†.....#
#<...####.###
#..>....##.....#
#.#.###.##.#####
# #.##.#


You could see 3 gnolls, a bat and a frilled lizard.

Vanquished Creatures
  4 endoplasms (D:1)
  2 giant cockroaches (D:1)
  3 goblins (D:1)
  4 hobgoblins
  2 kobolds (D:1)
  A quokka (D:1)
  5 bats (D:1)
  2 rats (D:1)
23 creatures vanquished.

Notes
Turn   | Place    | Note
-------+----------+-------------------------------------------
     0 | D:1      | kiwi3s the Minotaur Berserker began the quest for the Orb.
     0 | D:1      | Reached XP level 1. HP: 19/19 MP: 0/0
    76 | D:1      | Reached skill level 4 in Axes
   190 | D:1      | Reached XP level 2. HP: 24/26 MP: 1/1
   591 | D:1      | Reached skill level 5 in Axes
  1011 | D:2      | Slain by a gnoll

Illustrated notes

Levels and vault maps discovered:
D:1:      dpeg_arrival_pond, layout_basic
D:2:      minmay_diamond_boxcup, layout_basic, ebering_ecumenical_altar_webs,
          uniq_crazy_yiuf_cottage

Skill      XL: |  1  2 |
---------------+-------+-----
Axes           | 4 5 |  5.1
Fighting       | |  3.6
Armour         | |  2.4
Dodging        | |  2.1

Action                     || total
---------------------------++-------
  Melee: Hand axe          ||    54
         Headbutt          ||     2
 Armour: Animal skin       ||    12
         Scale mail        ||     5
  Dodge: Dodged            ||    61

Table legend: (Time is in decaauts)
 A = Elapsed time spent in this place.
 B = Non-inter-level travel time spent in this place.
 C = Inter-level travel time spent in this place.
 D = Time resting spent in this place.
 E = Time spent auto-exploring this place.
 F = Levels seen in this place.
 G = Mean time per level.
                   A        B        C        D        E       F      G
               +--------+--------+--------+--------+--------+-----+--------+
         Total |   1014 |    981 |     33 |      0 |    816 |   2 |  507.0 |
       Dungeon |   1014 |    981 |     33 |      0 |    816 |   2 |  507.0 |
               +--------+--------+--------+--------+--------+-----+--------+

Top non-repeatable levels by time:
     D:1: 988 daAuts
     D:2: 25 daAuts
